SAAA
PHOENIX HOTSPUR RESERVES @ ATHLETIC CLUB KC RESERVES
06/21/2034
 
TOP OF THE 1ST
Phoenix Hotspur Reserves batting - Pitching for Athletic Club KC Reserves : RHP Wayne Slade
Pitching: RHP Wayne Slade
Batting: RHB Rubén Andrada 0-0: Ball
1-0: Ball
2-0: Ball
3-0: Base on Balls
Batting: LHB António Escalante 0-0: Called Strike
0-1: Ball
1-1: Called Strike
1-2: Strikes out swinging
Batting: RHB Hieronymus Bosch 0-0: Foul Ball, location: 2F
0-1: Ball
1-1: Called Strike
1-2: Strikes out looking
Batting: LHB Jason DeGeorge 0-0: Called Strike
0-1: Ball
1-1: DOUBLE (Line Drive, 8RXD)
Rubén Andrada to third
Batting: RHB Solomon Norment 0-0: Called Strike
0-1: Called Strike
0-2: Strikes out looking
Top of the 1st over - 0 runs, 1 hit, 0 errors, 2 left on base; Phoenix 0 - Athletic Club KC 0
BOTTOM OF THE 1ST
Athletic Club KC Reserves batting - Pitching for Phoenix Hotspur Reserves : RHP Larry Souder
Pitching: RHP Larry Souder
Batting: RHB Armando Altagracia 0-0: SINGLE (Flyball, 89M)
Batting: LHB Kwang-chih Feng 0-0: Ball
1-0: Foul Ball, location: 2F
1-1: Swinging Strike
1-2: Ball
2-2: Ball
3-2: SINGLE (Groundball, 6S) (infield hit)
Armando Altagracia to second
Batting: RHB Jesús Vargas 0-0: Ball
1-0: Ball
2-0: SINGLE (Line Drive, 6M)
Armando Altagracia to third
Kwang-chih Feng to second
Batting: LHB Luis Miguel González 0-0: Ball
1-0: Called Strike
1-1: Swinging Strike
1-2: Strikes out looking
Batting: SHB Carlos Rodríguez 0-0: Ball
1-0: Called Strike
1-1: Fly out, F7 (Flyball, 7S)
Runner from 3rd tags up, SCORES, throw made
Batting: RHB Tasuku Goto 0-0: Called Strike
0-1: Ball
1-1: Ball
2-1: Ball
3-1: Base on Balls
Kwang-chih Feng to third
Jesús Vargas to second
Batting: LHB Manuel Domínguez 0-0: Called Strike
0-1: Ground out U3 (Groundball, 3)
Bottom of the 1st over - 1 run, 3 hits, 0 errors, 3 left on base; Phoenix 0 - Athletic Club KC 1
TOP OF THE 2ND
Phoenix Hotspur Reserves batting - Pitching for Athletic Club KC Reserves : RHP Wayne Slade
Batting: RHB Bernardo Rivera 0-0: Ball
1-0: Ground out 6-3 (Groundball, 6)
Batting: RHB Germán Alfaro 0-0: Foul Ball, location: 2F
0-1: Foul Ball, location: 2F
0-2: Foul Ball, location: 2F
0-2: Foul Ball, location: 2F
0-2: Ground out 3-1 (Groundball, 34)
Batting: RHB Satoshi Terada 0-0: Ball
1-0: Ball
2-0: Foul Ball, location: 2F
2-1: Called Strike
2-2: Ball
3-2: Strikes out swinging
Top of the 2nd over - 0 runs, 0 hits, 0 errors, 0 left on base; Phoenix 0 - Athletic Club KC 1
BOTTOM OF THE 2ND
Athletic Club KC Reserves batting - Pitching for Phoenix Hotspur Reserves : RHP Larry Souder
Batting: RHB Troy Whitehurst 0-0: Foul Ball, location: 2F
0-1: Ball
1-1: Swinging Strike
1-2: Strikes out looking
Batting: RHB Pedro Solís 0-0: DOUBLE (Groundball, 5L)
Batting: RHB Armando Altagracia 0-0: Ball
1-0: Called Strike
1-1: Called Strike
1-2: Fly out, F3 (Popup, 3SF)
Batting: LHB Kwang-chih Feng 0-0: Foul Ball, location: 2F
0-1: Swinging Strike
0-2: Ball
1-2: Ground out 4-3 (Groundball, 4S)
Bottom of the 2nd over - 0 runs, 1 hit, 0 errors, 1 left on base; Phoenix 0 - Athletic Club KC 1
TOP OF THE 3RD
Phoenix Hotspur Reserves batting - Pitching for Athletic Club KC Reserves : RHP Wayne Slade
Batting: RHB Carl Tucker 0-0: Foul Ball, location: 2F
0-1: Foul Ball, location: 2F
0-2: Foul Ball, location: 2F
0-2: Ball
1-2: Ball
2-2: Foul Ball, location: 2F
2-2: SINGLE (Groundball, 34D)
Batting: RHB Rubén Andrada 0-0: Foul Ball, location: 2F
0-1: SINGLE (Flyball, 89M)
Carl Tucker to second
Runner from 2nd tries for 3rd, SAFE, throw made to third
Batting: LHB António Escalante 0-0: Foul Ball, location: 2F
0-1: Called Strike
0-2: Ball
1-2: Ball
2-2: Ball
3-2: Base on Balls
Rubén Andrada to second
Batting: RHB Hieronymus Bosch 0-0: Ball
1-0: Swinging Strike
1-1: SINGLE (Line Drive, 8LS)
Carl Tucker scores
Rubén Andrada to third
António Escalante to second
Runner from 3rd tries for Home, SAFE, no throw
Batting: LHB Jason DeGeorge 0-0: Ball
1-0: Foul Ball, location: 2F
1-1: Ball
2-1: Ground out U3 (Groundball, 34S)
António Escalante to third
Hieronymus Bosch to second
Batting: RHB Solomon Norment 0-0: Called Strike
0-1: Ball
1-1: Foul Ball, location: 2F
1-2: Fly out, F7 (Flyball, 7LM)
Runner from 3rd tags up, OUT at HOME
Top of the 3rd over - 2 runs, 3 hits, 0 errors, 1 left on base; Phoenix 2 - Athletic Club KC 1
BOTTOM OF THE 3RD
Athletic Club KC Reserves batting - Pitching for Phoenix Hotspur Reserves : RHP Larry Souder
Batting: RHB Jesús Vargas 0-0: Called Strike
0-1: Ball
1-1: Ball
2-1: Ball
3-1: Base on Balls
Batting: LHB Luis Miguel González 0-0: Swinging Strike
0-1: Ball
1-1: Foul Ball, location: 2F
1-2: Strikes out swinging
Batting: SHB Carlos Rodríguez 0-0: Called Strike
0-1: Foul Ball, location: 2F
0-2: Ball
1-2: Strikes out swinging
Jesús Vargas steals 2nd base
Batter strikes out.
Batting: RHB Tasuku Goto 0-0: Fly out, F3 (Popup, 3SF)
Bottom of the 3rd over - 0 runs, 0 hits, 0 errors, 1 left on base; Phoenix 2 - Athletic Club KC 1
TOP OF THE 4TH
Phoenix Hotspur Reserves batting - Pitching for Athletic Club KC Reserves : RHP Wayne Slade
Batting: RHB Bernardo Rivera 0-0: Ball
1-0: Called Strike
1-1: Called Strike
1-2: Ball
2-2: Strikes out swinging, 2-3 out at first.
Batting: RHB Germán Alfaro 0-0: Foul Ball, location: 2F
0-1: Ball
1-1: Foul Ball, location: 2F
1-2: Foul Ball, location: 2F
1-2: Strikes out swinging
Pitching: RHP Ángel Rivera
Batting: RHB Satoshi Terada 0-0: Ball
1-0: Ball
2-0: Foul Ball, location: 2F
2-1: DOUBLE (Line Drive, 5D)
Batting: RHB Carl Tucker 0-0: Called Strike
0-1: Called Strike
0-2: Foul Ball, location: 2F
0-2: Ball
1-2: Ball
2-2: SINGLE (Flyball, 7S)
Satoshi Terada to third
Runner from 3rd tries for Home, SAFE, throw made home
Carl Tucker to second
Batting: RHB Rubén Andrada 0-0: Fly out, F3 (Popup, 3S)
Top of the 4th over - 1 run, 2 hits, 0 errors, 1 left on base; Phoenix 3 - Athletic Club KC 1
BOTTOM OF THE 4TH
Athletic Club KC Reserves batting - Pitching for Phoenix Hotspur Reserves : RHP Larry Souder
Batting: LHB Manuel Domínguez 0-0: Swinging Strike
0-1: Ball
1-1: Ball
2-1: Foul Ball, location: 2F
2-2: Ball
3-2: Foul Ball, location: 2F
3-2: Strikes out looking
Batting: RHB Troy Whitehurst 0-0: Called Strike
0-1: Ball
1-1: Ball
2-1: Called Strike
2-2: DOUBLE (Flyball, 8LD)
Batting: RHB Pedro Solís 0-0: Ground out 5-3 (Groundball, 56S)
Troy Whitehurst to third
Batting: RHB Armando Altagracia 0-0: Foul Ball, location: 2F
0-1: Ball
1-1: SINGLE (Groundball, 34S) (infield hit)
Troy Whitehurst scores
Batting: LHB Kwang-chih Feng 0-0: Foul Ball, location: 2F
0-1: Ball
1-1: Ball
2-1: SINGLE (Line Drive, 9S)
Armando Altagracia to second
Runner from 2nd tries for 3rd, SAFE, no throw
Batting: RHB Jesús Vargas 0-0: Ball
1-0: Swinging Strike
1-1: Ball
2-1: Foul Ball, location: 2F
2-2: Ball
3-2: Base on Balls
Kwang-chih Feng to second
Batting: LHB Luis Miguel González 0-0: SINGLE (Flyball, 9LS)
Armando Altagracia scores
Kwang-chih Feng to third
Jesús Vargas to second
Runner from 3rd tries for Home, SAFE, no throw
Batting: SHB Carlos Rodríguez 0-0: Called Strike
0-1: Ball
1-1: Foul Ball, location: 2F
1-2: Ball
2-2: Strikes out swinging
Bottom of the 4th over - 3 runs, 4 hits, 0 errors, 2 left on base; Phoenix 3 - Athletic Club KC 4
TOP OF THE 5TH
Phoenix Hotspur Reserves batting - Pitching for Athletic Club KC Reserves : RHP Ángel Rivera
Batting: LHB António Escalante 0-0: Ball
1-0: Called Strike
1-1: Called Strike
1-2: Fly out, F7 (Flyball, 7S)
Batting: RHB Hieronymus Bosch 0-0: Swinging Strike
0-1: Fly out, F9 (Flyball, 9LMF)
Batting: LHB Jason DeGeorge 0-0: Foul Ball, location: 2F
0-1: Ball
1-1: Swinging Strike
1-2: Fly out, F8 (Flyball, 8LM)
Top of the 5th over - 0 runs, 0 hits, 0 errors, 0 left on base; Phoenix 3 - Athletic Club KC 4
BOTTOM OF THE 5TH
Athletic Club KC Reserves batting - Pitching for Phoenix Hotspur Reserves : RHP Larry Souder
Batting: RHB Tasuku Goto 0-0: Called Strike
0-1: SINGLE (Groundball, 6D)
Batting: LHB Manuel Domínguez 0-0: Ball
1-0: Ball
2-0: Foul Ball, location: 2F
2-1: Swinging Strike
2-2: Ball
3-2: Fly out, F4 (Flyball, 3D)
Batting: RHB Troy Whitehurst 0-0: Ball
1-0: Foul Ball, location: 2F
1-1: Ball
2-1: Called Strike
2-2: Foul Ball, location: 2F
2-2: Ball
3-2: Base on Balls
Tasuku Goto to second
Batting: RHB Pedro Solís 0-0: Called Strike
0-1: Grounds into double play, 5-4-3 (Groundball, 56)
Bottom of the 5th over - 0 runs, 1 hit, 0 errors, 1 left on base; Phoenix 3 - Athletic Club KC 4
TOP OF THE 6TH
Phoenix Hotspur Reserves batting - Pitching for Athletic Club KC Reserves : RHP Ángel Rivera
Batting: RHB Solomon Norment 0-0: Ball
1-0: Ball
2-0: Ball
3-0: Called Strike
3-1: Base on Balls
Batting: RHB Bernardo Rivera 0-0: Called Strike
0-1: Called Strike
0-2: Ball
1-2: Fly out, F8 (Flyball, 8LD)
Batting: RHB Germán Alfaro 0-0: Called Strike
0-1: Foul Ball, location: 2F
0-2: Ball
1-2: Fly out, F3 (Popup, 3SF)
Batting: RHB Satoshi Terada 0-0: Ball
1-0: Called Strike
1-1: Ball
2-1: SINGLE (Flyball, 34D)
Solomon Norment to second
Runner from 2nd tries for 3rd, SAFE, no throw
Batting: RHB Carl Tucker 0-0: Foul Ball, location: 2F
0-1: Foul Ball, location: 2F
0-2: Ball
1-2: Ball
2-2: Fly out, F7 (Flyball, 7LM)
Top of the 6th over - 0 runs, 1 hit, 0 errors, 2 left on base; Phoenix 3 - Athletic Club KC 4
BOTTOM OF THE 6TH
Athletic Club KC Reserves batting - Pitching for Phoenix Hotspur Reserves : RHP Larry Souder
Batting: RHB Armando Altagracia 0-0: SINGLE (Line Drive, 8LS)
Batting: LHB Kwang-chih Feng 0-0: Called Strike
0-1: Sac Bunt - play at first, batter OUT! 5-4
Armando Altagracia to second
Batting: RHB Jesús Vargas 0-0: Intentional Walk
Batting: LHB Luis Miguel González 0-0: Ball
1-0: Ball
2-0: Ball
3-0: SINGLE (Line Drive, 9S)
Armando Altagracia to third
Jesús Vargas to second
Batting: SHB Carlos Rodríguez 0-0: Called Strike
0-1: Ball
1-1: Swinging Strike
1-2: Ball
2-2: Ball
3-2: Foul Ball, location: 2F
3-2: Base on Balls
Armando Altagracia scores
Jesús Vargas to third
Luis Miguel González to second
Pitching: LHP Eduardo Márquez
Batting: RHB Tasuku Goto 0-0: Called Strike
0-1: Fly out, F7 (Flyball, 7S)
Batting: LHB Manuel Domínguez 0-0: Foul Ball, location: 2F
0-1: Ball
1-1: Fly out, F8 (Flyball, 89D)
Bottom of the 6th over - 1 run, 2 hits, 0 errors, 3 left on base; Phoenix 3 - Athletic Club KC 5
TOP OF THE 7TH
Phoenix Hotspur Reserves batting - Pitching for Athletic Club KC Reserves : RHP Ángel Rivera
Batting: RHB Rubén Andrada 0-0: Called Strike
0-1: Foul Ball, location: 2F
0-2: Strikes out swinging
Batting: LHB António Escalante 0-0: Ground out 1-3 (Groundball, 15)
Batting: RHB Hieronymus Bosch 0-0: Called Strike
0-1: Foul Ball, location: 2F
0-2: Fly out, F7 (Flyball, 7LS)
Top of the 7th over - 0 runs, 0 hits, 0 errors, 0 left on base; Phoenix 3 - Athletic Club KC 5
BOTTOM OF THE 7TH
Athletic Club KC Reserves batting - Pitching for Phoenix Hotspur Reserves : LHP Eduardo Márquez
Batting: RHB Troy Whitehurst 0-0: SINGLE (Line Drive, 78S)
Batting: RHB Pedro Solís 0-0: Foul Ball, location: 2F
0-1: Called Strike
0-2: Ball
1-2: Ball
2-2: Strikes out swinging
Batting: RHB Armando Altagracia 0-0: Called Strike
0-1: Foul Ball, location: 2F
0-2: Foul Ball, location: 2F
0-2: Ball
1-2: Fly out, F7 (Flyball, 7LS)
Batting: LHB Kwang-chih Feng 0-0: Foul Ball, location: 2F
0-1: Ball
1-1: Swinging Strike
1-2: Fly out, F8 (Flyball, 78D)
Bottom of the 7th over - 0 runs, 1 hit, 0 errors, 1 left on base; Phoenix 3 - Athletic Club KC 5
TOP OF THE 8TH
Phoenix Hotspur Reserves batting - Pitching for Athletic Club KC Reserves : RHP Ángel Rivera
Batting: LHB Jason DeGeorge 0-0: Ball
1-0: Swinging Strike
1-1: Ball
2-1: Swinging Strike
2-2: Strikes out looking
Batting: RHB Solomon Norment 0-0: Ball
1-0: Foul Ball, location: 2F
1-1: Swinging Strike
1-2: Foul Ball, location: 2F
1-2: Strikes out swinging
Pitching: RHP Rafael Narváez
Batting: RHB Bernardo Rivera 0-0: Fly out, F7 (Line Drive, 7)
Top of the 8th over - 0 runs, 0 hits, 0 errors, 0 left on base; Phoenix 3 - Athletic Club KC 5
BOTTOM OF THE 8TH
Athletic Club KC Reserves batting - Pitching for Phoenix Hotspur Reserves : LHP Eduardo Márquez
Batting: RHB Jesús Vargas 0-0: Foul Ball, location: 2F
0-1: Called Strike
0-2: Ball
1-2: Ball
2-2: Foul Ball, location: 2F
2-2: Foul Ball, location: 2F
2-2: Ball
3-2: Ground out 6-3 (Groundball, 6M)
Batting: LHB Luis Miguel González 0-0: Ball
1-0: Ball
2-0: Ball
3-0: Called Strike
3-1: Fly out, F7 (Flyball, 78S)
Batting: SHB Carlos Rodríguez 0-0: Ball
1-0: Foul Ball, location: 2F
1-1: Fly out, F8 (Flyball, 8RM)
Bottom of the 8th over - 0 runs, 0 hits, 0 errors, 0 left on base; Phoenix 3 - Athletic Club KC 5
TOP OF THE 9TH
Phoenix Hotspur Reserves batting - Pitching for Athletic Club KC Reserves : RHP Rafael Narváez
Batting: RHB Germán Alfaro 0-0: Called Strike
0-1: Foul Ball, location: 2F
0-2: Ball
1-2: Strikes out swinging
Batting: RHB Satoshi Terada 0-0: Ball
1-0: Swinging Strike
1-1: Called Strike
1-2: Ball
2-2: Foul Ball, location: 2F
2-2: Ball
3-2: Strikes out swinging
Batting: RHB Carl Tucker 0-0: Called Strike
0-1: Fly out, F5 (Popup, 5)
Top of the 9th over - 0 runs, 0 hits, 0 errors, 0 left on base; Phoenix 3 - Athletic Club KC 5
Friday, March 29th, 2019 - OOTP Baseball 18.8 Build 76